General information
- name: BNet
- type: Ladder team game (AT/RT)
- host: Battle.net
- saver: Mao.Zedong
map: FullScaleAssault
- players: 8
- length: 50:16
- speed: Fast
- version: 1.26 W3XP
- replay type: Public
» download(309 KB)
Players
team 1 (loser)
x3m_test (
pink | 48 APM | 1284 actions | 26:33)
3 Archmage
2 Summon Water Elemental
1 Brilliance Aura
» actions
| Assign group hotkey | 89 | |
| Basic commands | 8 | |
| Build / train | 76 | |
| ESC pressed | 3 | |
| Enter build submenu | 28 | |
| Enter hero's abilities submenu | 3 | |
| Remove unit from queue | 2 | |
| Right click | 412 | |
| Select / deselect | 335 | |
| Select group hotkey | 261 | |
| Use ability | 67 | |
1284 total
» units
| Peasant | 22 | |
| Footman | 12 | |
| Dragonhawk Rider | 5 | |
| Gryphon Rider | 4 | |
| Siege Engine | 2 | |
45 total
» upgrades
| Defend | 1 | |
| Masonry | 3 | |
| Swords | 2 | |
| Plating | 0 | |
| Armor | 1 | |
| Lumber Harvesting | 2 | |
| Cloud | 1 | |
| Storm Hammers | 1 | |
| Barrage | 1 | |
12 total
» buildings
| Altar of Kings | 1 | |
| Farm | 10 | |
| Barracks | 2 | |
| Arcane Vault | 1 | |
| Lumber Mill | 1 | |
| Blacksmith | 1 | |
| Keep | 1 | |
| Castle | 1 | |
| Gryphon Aviary | 3 | |
| Town Hall | 5 | |
| Workshop | 2 | |
28 total
» build order
00:12 Altar of Kings
00:20 Farm
00:40 Barracks
01:06 Farm
01:48 Farm
01:58 Barracks
02:31 Farm
02:45 Arcane Vault
03:53 Lumber Mill
04:05 Farm
05:05 Blacksmith
05:14 Farm
07:48 Keep
07:59 Farm
09:44 Farm
10:09 Castle
10:22 Gryphon Aviary
10:25 Gryphon Aviary
11:03 Farm
12:15 Farm
12:32 Gryphon Aviary
17:38 Town Hall
19:34 Workshop
23:19 Town Hall
24:09 Workshop
25:14 Town Hall
25:23 Town Hall
25:30 Town Hall
» items
| Scroll of Regeneration | 2 | |
| Lesser Clarity Potion | 1 | |
| Potion of Healing | 1 | |
| Scroll of Town Portal | 3 | |
| Potion of Lesser Invulnerability | 1 | |
| Scroll of Healing | 1 | |
| Orb of Fire | 1 | |
10 total
nick1286 (
yellow | 30 APM | 1073 actions | 35:35)
6 Archmage
3 Summon Water Elemental
2 Brilliance Aura
1 Mass Teleport
» actions
| Assign group hotkey | 25 | |
| Basic commands | 59 | |
| Build / train | 92 | |
| ESC pressed | 1 | |
| Enter build submenu | 38 | |
| Enter hero's abilities submenu | 6 | |
| Remove unit from queue | 3 | |
| Right click | 204 | |
| Select / deselect | 273 | |
| Select group hotkey | 295 | |
| Use ability | 76 | |
1073 total
» units
| Peasant | 19 | |
| Goblin Shredder | 2 | |
| Flying Machine | 22 | |
| Siege Engine | 7 | |
| Goblin Zeppelin | 1 | |
51 total
» upgrades
| Masonry | 3 | |
| Lumber Harvesting | 2 | |
| Flak Cannons | 1 | |
| Flying Machine Bombs | 1 | |
| Gunpowder | 3 | |
| Plating | 3 | |
| Barrage | 1 | |
14 total
» buildings
| Altar of Kings | 1 | |
| Farm | 10 | |
| Lumber Mill | 1 | |
| Scout Tower | 14 | |
| Guard Tower | 10 | |
| Town Hall | 3 | |
| Keep | 1 | |
| Blacksmith | 1 | |
| Castle | 1 | |
| Workshop | 4 | |
46 total
» build order
00:32 Altar of Kings
00:43 Farm
00:57 Lumber Mill
01:14 Scout Tower
01:23 Farm
01:25 Scout Tower
01:46 Scout Tower
02:02 Farm
02:15 Guard Tower
02:43 Guard Tower
05:00 Town Hall
05:43 Town Hall
05:46 Scout Tower
05:49 Scout Tower
05:50 Scout Tower
05:59 Scout Tower
06:49 Guard Tower
08:01 Keep
08:07 Farm
08:11 Farm
08:16 Blacksmith
08:50 Farm
08:56 Farm
09:31 Farm
09:48 Farm
09:50 Farm
10:23 Castle
10:32 Workshop
10:36 Workshop
10:41 Workshop
11:11 Workshop
19:04 Scout Tower
19:43 Guard Tower
19:45 Scout Tower
20:25 Guard Tower
23:17 Scout Tower
23:21 Scout Tower
23:26 Scout Tower
23:31 Scout Tower
23:49 Guard Tower
24:11 Guard Tower
24:11 Guard Tower
24:14 Guard Tower
25:19 Town Hall
25:30 Scout Tower
26:33 Guard Tower
» items
| Scroll of Regeneration | 1 | |
| Lesser Clarity Potion | 1 | |
| Scroll of Town Portal | 3 | |
5 total
Mao.Zedong (
orange | 77 APM | 3891 actions | 50:16)
8 Archmage
3 Summon Water Elemental
3 Brilliance Aura
1 Mass Teleport
1 Blizzard
» actions
| Assign group hotkey | 67 | |
| Basic commands | 121 | |
| Build / train | 175 | |
| ESC pressed | 2 | |
| Enter build submenu | 110 | |
| Enter hero's abilities submenu | 8 | |
| Give item / drop item | 8 | |
| Remove unit from queue | 7 | |
| Right click | 1387 | |
| Select / deselect | 918 | |
| Select group hotkey | 922 | |
| Use ability | 166 | |
3891 total
» units
| Peasant | 22 | |
| Footman | 9 | |
| Goblin Zeppelin | 1 | |
| Goblin Shredder | 1 | |
| Gryphon Rider | 8 | |
| Siege Engine | 5 | |
| Mortar Team | 13 | |
| Dragonhawk Rider | 1 | |
60 total
» upgrades
| Masonry | 3 | |
| Swords | 3 | |
| Animal War Training | 1 | |
| Armor | 3 | |
| Storm Hammers | 1 | |
| Lumber Harvesting | 2 | |
| Barrage | 1 | |
| Plating | 3 | |
| Gunpowder | 3 | |
| Fragmentation Shards | 1 | |
| Flare | 1 | |
| Cloud | 1 | |
| Magic Sentry | 2 | |
| Sorceress Training | 2 | |
| Priest Training | 2 | |
| Control Magic | 1 | |
| Flak Cannons | 1 | |
| Flying Machine Bombs | 1 | |
| Long Rifles | 1 | |
| Defend | 1 | |
| Backpack | 1 | |
35 total
» buildings
| Altar of Kings | 1 | |
| Farm | 13 | |
| Barracks | 1 | |
| Arcane Vault | 1 | |
| Lumber Mill | 3 | |
| Town Hall | 4 | |
| Scout Tower | 74 | |
| Guard Tower | 44 | |
| Keep | 2 | |
| Arcane Tower | 2 | |
| Castle | 2 | |
| Blacksmith | 2 | |
| Gryphon Aviary | 3 | |
| Workshop | 4 | |
| Arcane Sanctum | 1 | |
157 total
» build order
00:03 Altar of Kings
00:08 Farm
00:18 Barracks
00:48 Farm
01:36 Arcane Vault
02:21 Farm
03:47 Farm
04:04 Lumber Mill
04:34 Town Hall
04:38 Scout Tower
04:39 Scout Tower
05:11 Guard Tower
05:11 Guard Tower
05:11 Guard Tower
05:12 Guard Tower
05:13 Scout Tower
05:46 Guard Tower
06:32 Keep
06:36 Scout Tower
07:46 Arcane Tower
09:03 Castle
09:07 Blacksmith
09:09 Blacksmith
10:18 Gryphon Aviary
10:27 Gryphon Aviary
13:11 Scout Tower
13:47 Guard Tower
14:35 Town Hall
14:38 Scout Tower
14:46 Scout Tower
14:47 Scout Tower
14:49 Scout Tower
15:01 Scout Tower
15:02 Scout Tower
15:09 Scout Tower
15:09 Guard Tower
15:14 Guard Tower
15:14 Guard Tower
15:18 Guard Tower
15:20 Scout Tower
15:21 Scout Tower
15:24 Scout Tower
15:27 Scout Tower
15:39 Farm
15:42 Scout Tower
15:50 Scout Tower
15:53 Guard Tower
16:01 Guard Tower
16:05 Guard Tower
16:18 Guard Tower
16:54 Workshop
16:57 Workshop
17:00 Farm
17:04 Scout Tower
17:07 Guard Tower
17:11 Scout Tower
17:42 Guard Tower
17:43 Guard Tower
18:37 Scout Tower
18:41 Scout Tower
19:22 Guard Tower
19:24 Guard Tower
19:30 Scout Tower
19:34 Scout Tower
19:40 Guard Tower
20:22 Farm
20:24 Farm
20:27 Guard Tower
20:28 Guard Tower
20:39 Town Hall
20:41 Scout Tower
20:43 Scout Tower
20:45 Scout Tower
21:07 Farm
21:17 Guard Tower
22:09 Scout Tower
22:13 Scout Tower
22:17 Scout Tower
22:20 Scout Tower
22:26 Scout Tower
22:42 Scout Tower
22:44 Scout Tower
22:46 Keep
23:15 Guard Tower
23:21 Arcane Sanctum
23:30 Scout Tower
23:34 Scout Tower
23:38 Scout Tower
24:44 Lumber Mill
25:08 Guard Tower
25:20 Guard Tower
25:21 Castle
26:13 Guard Tower
26:53 Workshop
26:55 Workshop
27:14 Scout Tower
27:16 Scout Tower
27:19 Scout Tower
27:23 Scout Tower
27:26 Scout Tower
27:39 Scout Tower
27:41 Scout Tower
27:43 Scout Tower
27:46 Scout Tower
27:48 Scout Tower
27:50 Scout Tower
28:09 Guard Tower
28:12 Guard Tower
28:15 Guard Tower
28:19 Scout Tower
28:20 Guard Tower
28:22 Scout Tower
28:24 Scout Tower
28:25 Scout Tower
28:27 Scout Tower
28:30 Scout Tower
28:49 Guard Tower
28:52 Farm
28:53 Farm
28:54 Guard Tower
28:59 Scout Tower
29:01 Scout Tower
29:03 Scout Tower
29:05 Scout Tower
29:06 Guard Tower
29:27 Farm
29:29 Farm
29:32 Guard Tower
29:34 Guard Tower
29:35 Scout Tower
29:38 Scout Tower
29:39 Scout Tower
29:42 Scout Tower
29:46 Scout Tower
29:48 Scout Tower
30:07 Guard Tower
30:09 Guard Tower
30:12 Guard Tower
30:36 Guard Tower
31:07 Scout Tower
31:08 Scout Tower
31:09 Scout Tower
31:10 Scout Tower
31:57 Guard Tower
32:01 Lumber Mill
38:06 Scout Tower
41:41 Arcane Tower
43:06 Town Hall
43:33 Scout Tower
43:34 Scout Tower
43:36 Scout Tower
43:39 Scout Tower
44:06 Guard Tower
44:19 Guard Tower
44:58 Gryphon Aviary
46:10 Scout Tower
47:01 Guard Tower
» items
| Scroll of Regeneration | 8 | |
| Periapt of Vitality | 1 | |
| Staff of Teleportation | 1 | |
| Scroll of Town Portal | 2 | |
| Mechanical Critter | 1 | |
13 total
Binfa (
red | 48 APM | 1555 actions | 32:33)
8 Archmage
2 Summon Water Elemental
3 Brilliance Aura
2 Blizzard
1 Mass Teleport
2 Mountain King
1 Storm Bolt
1 Thunder Clap
3 Paladin
2 Holy Light
1 Divine Shield
» actions
| Assign group hotkey | 31 | |
| Basic commands | 25 | |
| Build / train | 101 | |
| Enter build submenu | 48 | |
| Enter hero's abilities submenu | 15 | |
| Give item / drop item | 3 | |
| Right click | 450 | |
| Select / deselect | 369 | |
| Select group hotkey | 372 | |
| Use ability | 141 | |
1555 total
» units
| Peasant | 18 | |
| Rifleman | 16 | |
| Priest | 2 | |
| Sorceress | 1 | |
| Knight | 1 | |
| Siege Engine | 2 | |
40 total
» upgrades
| Gunpowder | 3 | |
| Armor | 3 | |
| Masonry | 3 | |
| Long Rifles | 1 | |
| Lumber Harvesting | 2 | |
| Priest Training | 1 | |
| Sorceress Training | 1 | |
| Fragmentation Shards | 1 | |
| Animal War Training | 1 | |
| Barrage | 1 | |
17 total
» buildings
| Altar of Kings | 1 | |
| Farm | 17 | |
| Blacksmith | 1 | |
| Barracks | 2 | |
| Scout Tower | 10 | |
| Arcane Tower | 1 | |
| Arcane Vault | 2 | |
| Town Hall | 3 | |
| Lumber Mill | 2 | |
| Guard Tower | 11 | |
| Keep | 1 | |
| Arcane Sanctum | 2 | |
| Castle | 1 | |
| Workshop | 3 | |
| Gryphon Aviary | 1 | |
58 total
» build order
00:07 Altar of Kings
00:15 Farm
00:51 Farm
00:56 Blacksmith
01:35 Barracks
01:55 Scout Tower
02:12 Farm
02:24 Arcane Tower
03:39 Farm
04:31 Arcane Vault
04:59 Town Hall
05:11 Lumber Mill
06:42 Scout Tower
07:16 Guard Tower
07:18 Scout Tower
07:52 Guard Tower
07:56 Arcane Vault
08:26 Keep
08:46 Barracks
08:53 Farm
09:08 Scout Tower
09:34 Farm
09:40 Guard Tower
09:43 Scout Tower
09:56 Scout Tower
10:31 Guard Tower
10:35 Scout Tower
10:37 Farm
10:42 Guard Tower
10:47 Scout Tower
11:03 Guard Tower
11:08 Scout Tower
11:39 Guard Tower
11:50 Farm
12:11 Guard Tower
12:13 Scout Tower
12:32 Guard Tower
12:44 Guard Tower
13:10 Arcane Sanctum
14:10 Guard Tower
14:31 Arcane Sanctum
16:31 Farm
17:00 Castle
17:15 Farm
17:56 Farm
19:11 Workshop
20:56 Workshop
22:25 Town Hall
22:33 Workshop
23:23 Gryphon Aviary
23:49 Farm
29:15 Farm
29:17 Farm
29:19 Farm
29:29 Lumber Mill
29:38 Town Hall
31:10 Farm
32:07 Farm
» items
| Scroll of Town Portal | 4 | |
| Ivory Tower | 4 | |
| Periapt of Vitality | 2 | |
| Scroll of Regeneration | 1 | |
| Boots of Speed | 1 | |
| Orb of Fire | 1 | |
| Staff of Sanctuary | 1 | |
14 total
team 2 (winner)
14yodotagangsta (
green | 48 APM | 157 actions | 03:16)
1 Demon Hunter
1 Immolation
» actions
| Assign group hotkey | 2 | |
| Build / train | 18 | |
| Enter build submenu | 5 | |
| Enter hero's abilities submenu | 1 | |
| Remove unit from queue | 2 | |
| Right click | 40 | |
| Select / deselect | 80 | |
| Select group hotkey | 2 | |
| Use ability | 7 | |
157 total
» units
» buildings
| Altar of Elders | 1 | |
| Moon Well | 3 | |
| Ancient of War | 1 | |
5 total
» build order
00:04 Altar of Elders
00:06 Moon Well
00:25 Ancient of War
01:23 Moon Well
02:51 Moon Well

»
M.NeT.KaYzEr (
blue | 79 APM | 3886 actions | 49:24)
9 Archmage
3 Summon Water Elemental
3 Brilliance Aura
1 Mass Teleport
2 Blizzard
6 Demon Hunter
3 Mana Burn
1 Immolation
2 Evasion
» actions
| Assign group hotkey | 72 | |
| Basic commands | 35 | |
| Build / train | 144 | |
| ESC pressed | 10 | |
| Enter build submenu | 56 | |
| Enter hero's abilities submenu | 17 | |
| Give item / drop item | 6 | |
| Remove unit from queue | 1 | |
| Right click | 2032 | |
| Select / deselect | 994 | |
| Select group hotkey | 350 | |
| Use ability | 169 | |
3886 total
» units
| Peasant | 18 | |
| Footman | 4 | |
| Goblin Shredder | 1 | |
| Wisp | 4 | |
| Hippogryph | 9 | |
| Gryphon Rider | 3 | |
| Chimaera | 9 | |
| Siege Engine | 6 | |
| Flying Machine | 7 | |
| Mortar Team | 4 | |
| Knight | 5 | |
70 total
» upgrades
| Ultravision | 1 | |
| Lumber Harvesting | 1 | |
| Strength of the Wild | 3 | |
| Reinforced Hides | 4 | |
| Swords | 3 | |
| Armor | 3 | |
| Animal War Training | 1 | |
| Storm Hammers | 1 | |
| Corrosive Breath | 1 | |
| Barrage | 1 | |
| Flak Cannons | 1 | |
| Fragmentation Shards | 1 | |
| Nature's Blessing | 1 | |
| Gunpowder | 3 | |
| Plating | 2 | |
| Flying Machine Bombs | 1 | |
| Flare | 1 | |
29 total
» buildings
| Altar of Kings | 1 | |
| Barracks | 3 | |
| Farm | 11 | |
| Lumber Mill | 1 | |
| Scout Tower | 3 | |
| Tree of Ages | 2 | |
| Town Hall | 3 | |
| Hunter's Hall | 1 | |
| Keep | 1 | |
| Arcane Tower | 2 | |
| Guard Tower | 1 | |
| Tree of Eternity | 2 | |
| Ancient of Wind | 1 | |
| Arcane Vault | 1 | |
| Castle | 1 | |
| Ancient Protector | 5 | |
| Gryphon Aviary | 4 | |
| Blacksmith | 1 | |
| Chimaera Roost | 4 | |
| Moon Well | 5 | |
| Workshop | 5 | |
| Tree of Life | 1 | |
| Ancient of Lore | 3 | |
62 total
» build order
00:19 Altar of Kings
00:35 Barracks
00:50 Farm
01:05 Farm
01:42 Farm
01:48 Lumber Mill
02:41 Scout Tower
03:28 Tree of Ages
03:47 Town Hall
04:06 Hunter's Hall
04:58 Scout Tower
04:59 Scout Tower
05:28 Keep
05:30 Arcane Tower
05:45 Guard Tower
05:51 Arcane Tower
05:54 Tree of Eternity
07:48 Ancient of Wind
07:58 Arcane Vault
08:01 Castle
08:06 Ancient Protector
08:06 Ancient Protector
08:08 Ancient Protector
09:19 Gryphon Aviary
09:19 Gryphon Aviary
09:20 Gryphon Aviary
09:21 Gryphon Aviary
09:26 Blacksmith
09:29 Farm
09:29 Farm
09:30 Farm
09:30 Farm
09:42 Chimaera Roost
09:42 Chimaera Roost
09:43 Chimaera Roost
09:47 Chimaera Roost
09:53 Moon Well
09:53 Moon Well
09:54 Moon Well
09:57 Moon Well
09:58 Moon Well
10:24 Farm
10:25 Farm
10:25 Farm
14:06 Ancient Protector
14:22 Workshop
14:23 Workshop
14:23 Workshop
15:22 Ancient Protector
20:03 Workshop
20:04 Workshop
22:45 Tree of Life
23:56 Town Hall
29:52 Town Hall
33:28 Tree of Ages
33:50 Barracks
35:31 Barracks
35:56 Tree of Eternity
35:59 Ancient of Lore
35:59 Ancient of Lore
36:00 Ancient of Lore
» items
| Scroll of Regeneration | 2 | |
| Potion of Healing | 1 | |
| Boots of Speed | 1 | |
| Scroll of Protection | 2 | |
| Scroll of Healing | 2 | |
| Healing Salve | 2 | |
| Orb of Lightning | 2 | |
| Lesser Clarity Potion | 1 | |
| Scroll of Town Portal | 3 | |
16 total
Iscariot (
teal | 61 APM | 3051 actions | 50:16)
10 Blademaster
3 Wind Walk
3 Critical Strike
1 Bladestorm
3 Mirror Image
» actions
| Assign group hotkey | 267 | |
| Basic commands | 328 | |
| Build / train | 84 | |
| Enter build submenu | 75 | |
| Enter hero's abilities submenu | 10 | |
| Give item / drop item | 7 | |
| Right click | 1242 | |
| Select / deselect | 514 | |
| Select group hotkey | 272 | |
| Use ability | 252 | |
3051 total
» units
| Peon | 12 | |
| Grunt | 4 | |
| Wind Rider | 6 | |
| Goblin Shredder | 1 | |
| Raider | 6 | |
| Troll Batrider | 5 | |
| Goblin Zeppelin | 2 | |
36 total
» upgrades
| Ensnare | 1 | |
| Armor | 3 | |
| Pillage | 1 | |
| Melee Weapons | 3 | |
| Reinforced Defenses | 1 | |
| Liquid Fire | 1 | |
| Ranged Weapons | 3 | |
| Spiked Barricades | 2 | |
| Envenomed Spears | 1 | |
16 total
» buildings
| Orc Burrow | 6 | |
| Altar of Storms | 1 | |
| Barracks | 1 | |
| Voodoo Lounge | 1 | |
| Stronghold | 1 | |
| Great Hall | 6 | |
| War Mill | 2 | |
| Beastiary | 5 | |
| Watch Tower | 74 | |
| Fortress | 1 | |
98 total
» build order
00:26 Orc Burrow
01:20 Altar of Storms
01:31 Barracks
01:34 Orc Burrow
02:09 Voodoo Lounge
03:12 Stronghold
04:59 Great Hall
05:15 Orc Burrow
05:18 War Mill
06:11 Beastiary
06:11 Beastiary
06:35 Orc Burrow
09:45 Watch Tower
09:45 Watch Tower
09:45 Watch Tower
09:46 Watch Tower
09:50 Watch Tower
09:50 Watch Tower
09:50 Watch Tower
09:52 Watch Tower
10:41 Fortress
12:33 Watch Tower
12:33 Watch Tower
12:33 Watch Tower
12:34 Watch Tower
12:34 Watch Tower
12:35 Watch Tower
12:38 Watch Tower
12:38 Watch Tower
12:38 Watch Tower
12:38 Watch Tower
12:50 Beastiary
14:01 War Mill
16:49 Orc Burrow
16:55 Watch Tower
16:55 Watch Tower
16:56 Watch Tower
16:56 Watch Tower
16:57 Watch Tower
16:57 Watch Tower
17:03 Great Hall
17:07 Watch Tower
17:07 Watch Tower
17:08 Watch Tower
17:08 Watch Tower
17:09 Watch Tower
17:10 Watch Tower
17:11 Watch Tower
17:11 Watch Tower
17:12 Watch Tower
17:23 Orc Burrow
18:01 Beastiary
18:02 Beastiary
25:33 Watch Tower
25:34 Watch Tower
25:35 Watch Tower
25:44 Watch Tower
25:44 Watch Tower
25:45 Watch Tower
25:45 Watch Tower
25:46 Watch Tower
25:46 Watch Tower
25:49 Watch Tower
25:50 Watch Tower
25:50 Watch Tower
25:51 Watch Tower
25:52 Watch Tower
25:53 Watch Tower
27:19 Watch Tower
27:20 Watch Tower
27:24 Watch Tower
27:24 Watch Tower
29:03 Great Hall
29:07 Watch Tower
29:07 Watch Tower
29:08 Watch Tower
29:08 Watch Tower
29:10 Watch Tower
29:10 Watch Tower
29:10 Watch Tower
29:11 Watch Tower
29:11 Watch Tower
29:11 Watch Tower
29:12 Watch Tower
32:15 Great Hall
33:15 Great Hall
33:18 Watch Tower
33:19 Watch Tower
33:19 Watch Tower
33:51 Great Hall
33:54 Watch Tower
33:55 Watch Tower
33:55 Watch Tower
33:56 Watch Tower
33:58 Watch Tower
33:59 Watch Tower
» items
| Healing Salve | 3 | |
| Scroll of Town Portal | 7 | |
| Lesser Clarity Potion | 5 | |
| Potion of Mana | 1 | |
| Orb of Lightning | 1 | |
| Tiny Great Hall | 1 | |
| Staff of Teleportation | 1 | |
19 total
boytoy. (
purple | 50 APM | 2503 actions | 50:16)
5 Tauren Chieftain
3 Shockwave
2 Endurance Aura
5 Shadow Hunter
2 Hex
3 Healing Wave
1 Demon Hunter
1 Metamorphosis
» actions
| Assign group hotkey | 39 | |
| Basic commands | 126 | |
| Build / train | 80 | |
| Enter build submenu | 27 | |
| Enter hero's abilities submenu | 11 | |
| Give item / drop item | 4 | |
| Right click | 976 | |
| Select / deselect | 384 | |
| Select group hotkey | 643 | |
| Use ability | 213 | |
2503 total
» units
| Peon | 13 | |
| Grunt | 4 | |
| Raider | 8 | |
| Goblin Zeppelin | 2 | |
| Goblin Shredder | 1 | |
| Troll Batrider | 9 | |
| Goblin Sapper | 4 | |
| Tauren | 2 | |
43 total
» upgrades
| Melee Weapons | 3 | |
| Armor | 2 | |
| Ensnare | 1 | |
| Reinforced Defenses | 1 | |
| Pulverize | 1 | |
8 total
» buildings
| Altar of Storms | 1 | |
| Orc Burrow | 7 | |
| Barracks | 1 | |
| Stronghold | 2 | |
| Voodoo Lounge | 1 | |
| War Mill | 2 | |
| Moon Well | 3 | |
| Beastiary | 4 | |
| Fortress | 1 | |
| Great Hall | 2 | |
| Watch Tower | 29 | |
| Tauren Totem | 2 | |
| Spirit Lodge | 2 | |
57 total
» build order
00:14 Altar of Storms
00:24 Orc Burrow
00:38 Barracks
01:26 Orc Burrow
03:48 Stronghold
03:48 Stronghold
04:10 Voodoo Lounge
04:14 War Mill
04:18 Orc Burrow
04:19 Orc Burrow
04:31 Moon Well
04:31 Moon Well
04:32 Moon Well
06:23 Beastiary
06:25 Beastiary
07:07 Orc Burrow
08:23 Fortress
11:00 Great Hall
11:23 Watch Tower
11:23 Watch Tower
11:23 Watch Tower
11:24 Watch Tower
11:27 Watch Tower
11:30 Watch Tower
13:01 Watch Tower
13:02 Watch Tower
13:02 Watch Tower
13:05 Watch Tower
13:05 Watch Tower
13:05 Watch Tower
13:48 Watch Tower
13:48 Watch Tower
13:49 Watch Tower
13:49 Watch Tower
14:15 Watch Tower
14:16 Watch Tower
14:17 Watch Tower
14:17 Watch Tower
16:44 Beastiary
16:44 Beastiary
17:12 Orc Burrow
17:13 Orc Burrow
21:42 Watch Tower
21:42 Watch Tower
21:43 Watch Tower
21:43 Watch Tower
24:00 Tauren Totem
24:00 Tauren Totem
24:27 Great Hall
24:31 Watch Tower
24:31 Watch Tower
24:32 Watch Tower
24:32 Watch Tower
27:25 Watch Tower
27:39 War Mill
29:32 Spirit Lodge
29:32 Spirit Lodge
» items
| Staff of Teleportation | 2 | |
| Healing Salve | 3 | |
| Orb of Lightning | 1 | |
| Scroll of Town Portal | 5 | |
| Potion of Lesser Invulnerability | 1 | |
| Periapt of Vitality | 1 | |
13 total
Chat log
(00:22 / Allies) Binfa: all human
(00:27 / Allies) Binfa: shall we rush them?
(00:28 / Allies) x3m_test: units?
(00:35 / Allies) Binfa: rifle for rush here
(00:44 / All) Mao.Zedong: Raise high Mao Zedong's banner, march on!
(00:53 / All) Mao.Zedong: March on! March on! On!
(00:56 / Allies) x3m_test: all agree with rush???
(01:00 / Allies) Mao.Zedong: yeah
(01:04 / Allies) Binfa: agree
(01:06 / All) 14yodotagangsta: nigga you gay
(01:08 / Allies) nick1286: teching tanks
(01:31 / All) Mao.Zedong: PRC is #1 dictatorship today
(02:11 / Allies) x3m_test: still rushing?
(02:14 / Allies) Mao.Zedong: yeah
(03:12 / Allies) Mao.Zedong: rush top left
(03:15 / Allies) Binfa: k
(03:16 / All) Mao.Zedong: Arise! Arise! All those who do not wish to be slaves!
(03:17 / All) Mao.Zedong: March on, march on, march on!
(03:21 / All) Mao.Zedong: We will for many generations
(04:49 / Allies) x3m_test: rdy
(04:52 / Allies) Mao.Zedong: yep
(05:00 / Allies) Mao.Zedong: omw
(05:30 / Allies) x3m_test: bring ur units
(05:30 / Allies) Binfa: come guys
(06:53 / Allies) x3m_test: u have no army oj
(06:57 / Allies) x3m_test: wtf
(08:27 / Allies) x3m_test: come red
(08:44 / Allies) x3m_test: come
(11:29 / Allies) x3m_test: help!
(11:46 / Allies) Mao.Zedong: that is why you don't straight tech
(11:59 / Allies) x3m_test: }i dindt
(12:08 / Allies) Mao.Zedong: you went footie straight into t3
(12:24 / Allies) x3m_test: and u didnt help at all
(13:10 / Allies) x3m_test: u just massed gold!
(13:20 / Allies) Mao.Zedong: is called an expo and 50 food
(13:33 / Allies) x3m_test: but still u didnt help at all
(16:09 / Allies) x3m_test: no help oj??
(16:42 / Allies) x3m_test: gold?=??
(16:55 / Allies) nick1286: counter
(17:19 / Allies) Mao.Zedong: omw
(19:59 / Allies) Mao.Zedong: ?
(20:40 / Allies) x3m_test: gold??
(21:04 / Allies) x3m_test: help
(21:10 / Allies) Mao.Zedong: omw
(22:06 / Allies) x3m_test: gold?
(22:28 / Allies) x3m_test: cmon u all have over 2k or more
(22:33 / Allies) Mao.Zedong: make an expo
(22:38 / Allies) x3m_test: i lost it
(24:54 / Allies) x3m_test: your a great team
(24:59 / Allies) Mao.Zedong: ya
(25:56 / Allies) x3m_test: gold????
(26:31 / All) x3m_test: gg noob allies... all massed gold and didnt help at all
(26:52 / All) Iscariot: Unresponsive hero wouldn't windwalk
(27:04 / All) Mao.Zedong: probably because that faggot raged out
(27:37 / All) Iscariot: fuck
(27:42 / All) Iscariot: you got out there just in the nick of time red
(27:46 / All) Iscariot: was about to ensare you
(30:12 / Allies) nick1286: thanks bo
(32:58 / Allies) Mao.Zedong: moron now his hero lived
(33:05 / Allies) Mao.Zedong: why the hell did you tp my am
(33:14 / Allies) nick1286: amke more towers..were good
(33:20 / Allies) Mao.Zedong: lol
(34:33 / All) Iscariot: a valiant effort yellow
(34:44 / All) Mao.Zedong: He doesn't even realise who I am
(35:44 / All) Mao.Zedong: terrible chat on my side
(35:47 / All) Mao.Zedong: i hope yours is better
(35:54 / All) boytoy.: i was afk like half this game lawl
(39:58 / All) boytoy.: god damn ur team didnt creep anything
(40:02 / All) boytoy.: what lazy asses
(40:04 / All) Mao.Zedong: my team was awful
(40:12 / All) Mao.Zedong: they did nothing but whine about me doing nothing, while doing nothing
(40:32 / All) Iscariot: I bet pink doesn't like me
(40:42 / All) boytoy.: we played pink many times
(40:45 / All) boytoy.: he is a mass gamer
(40:50 / All) Iscariot: I was raping him all game
(40:53 / All) Mao.Zedong: that was a terrible mass tp lol
(40:55 / All) Iscariot: with like 40 food
(40:56 / All) boytoy.: he never gets real upset just says one thing and leaves
(41:01 / All) Mao.Zedong: is your team really still here? wow
(41:06 / All) Iscariot: Just blue
(41:08 / All) Iscariot: He played green
(41:32 / All) Iscariot: Pink I was ass raping hardcore
(41:36 / All) Iscariot: With 40 food with liek 20 peons
(41:47 / All) Iscariot: Your team had to keep TPing to his base
(41:50 / All) Iscariot: Did he whine for help?
(41:54 / All) Mao.Zedong: yeah
(41:57 / All) Iscariot: lol
(41:59 / All) Mao.Zedong: he kept bitching
(42:09 / All) Mao.Zedong: "tp plz ur doing nothing oj lol faggots shit team"
(42:11 / All) Iscariot: If yellow and red didn't keep bailing him out
(42:17 / All) Iscariot: lol
(42:47 / All) Iscariot: jake and my base only has 1 tower between the two of htem
(42:59 / All) boytoy.: (48:33 / All) x3m_test: u 2 suck and r a pair of losers
(43:46 / All) Iscariot: All that she wants is another baby, she's gone tomorrow boy
(45:00 / All) Iscariot: Does blue realize he has lost?
(45:13 / All) boytoy.: he hasnt said one word
(45:22 / All) Iscariot: He told you to stop using green
(45:35 / All) Iscariot: Hasn't said anything since early game tho
(46:15 / All) Iscariot: What happened to your hero
(46:29 / All) boytoy.: i killed it i told u i havent been paying attention this game at all
(46:51 / All) Mao.Zedong: sick hall at the top left
(47:33 / All) Iscariot: When he killed your hall he just expidited the process
(47:36 / All) Mao.Zedong: this is one of the few games i go over 80 food
(48:22 / All) Mao.Zedong: jesus fucking christ, my army compositon just instakills any buildings
(49:09 / All) Iscariot: Did you have fun blue
(49:31 / All) Mao.Zedong: which team gets loss?
(49:39 / All) Iscariot: Your call
(49:44 / All) boytoy.: im gonna eat after this
(49:51 / All) Iscariot: Yours has 3 players
(49:53 / All) Iscariot: Blue is 2-1
(50:00 / All) boytoy.: "OH
(50:01 / All) Mao.Zedong: Pink is a mass gamer
(50:02 / All) boytoy.: ur team lsoes
(50:05 / All) boytoy.: pink gets loss
(50:06 / All) boytoy.: for sure
(50:11 / All) Mao.Zedong: k